 Dungeon Crawl Stone Soup version 0.25-a0-578-gc91f01c39c (webtiles) character file.

Game seed: 17898594615182241532, levelgen mode: deterministic

46 Kohma the Sneak (level 3, 0/16 HPs)
             Began as a Vine Stalker Enchanter on Mar 6, 2020.
             Was an Initiate of Ashenzari.
             Succumbed to an adder's poison
             ... on level 2 of the Dungeon.
             The game lasted 00:04:07 (1023 turns).

Kohma the Sneak (Vine Stalker Enchanter)            Turns: 1023, Time: 00:04:07

Health: 0/16       AC:  2    Str: 10    XL:     3   Next: 66%
Magic:  5/8        EV: 12    Int: 16    God:    Ashenzari [......]
Gold:   33         SH:  0    Dex: 14    Spells: 4/7 levels left

rFire    . . .     SeeInvis .   k - +3 short sword
rCold    . . .     Gourm    .   (no shield)
rNeg     . . .     Faith    .   b - +0 robe
rPois    .         Spirit   +   (no helmet)
rElec    .         Reflect  .   (no cloak)
rCorr    .         Harm     .   (no gloves)
MR       .....                  (no boots)
Stlth    +++.......             (no amulet)
HPRegen  0.05/turn              (no ring)
MPRegen  0.11/turn              (no ring)

@: brilliant, lethally poisoned (0 -> -1)
A: fangs 2, magic shield, antimagic bite, no potion heal 3, rot immunity
a: Curse Item, Renounce Religion


You were on level 2 of the Dungeon.
You worshipped Ashenzari.
Ashenzari was noncommittal.
You were not hungry.

You visited 1 branch of the dungeon, and saw 2 of its levels.

You collected 33 gold pieces.

Inventory:

Hand Weapons
 a - a +1 dagger
 k - a +3 short sword (weapon)
Armour
 b - a +0 robe (worn)
Scrolls
 e - 2 scrolls of identify {unknown}
 g - 3 scrolls of remove curse
 h - 2 scrolls of enchant weapon {unknown}
 i - a scroll of random uselessness {unknown}
Potions
 f - a potion of heal wounds
Comestibles
 d - 2 rations
 j - a chunk of flesh


   Skills:
 + Level 1.3 Short Blades
 - Level 2.0 Dodging
 - Level 4.0 Stealth
 * Level 2.8 Spellcasting
 + Level 3.3 Hexes
 + Level 0.4 Ice Magic


You had 4 spell levels left.
You knew the following spells:

 Your Spells              Type           Power        Failure   Level  Hunger
a - Corona                Hex            ###....      4%          1    None
b - Ensorcelled Hibernat  Hex/Ice        ##....       13%         2    None

Your spell library contained the following spells:

 Spells                   Type           Power        Failure   Level  Hunger
 Confusing Touch          Hex            ###.....     14%         3    None
 Tukima's Dance           Hex            ###.....     14%         3    None
 Dazzling Flash           Conj/Hex       ##....       28%         3    None


Dungeon Overview and Level Annotations

Branches:
Dungeon (2/15)

Altars:
Ashenzari


Innate Abilities, Weirdness & Mutations

You have extremely sharp teeth.
When hurt, damage is shared between your health and your magic reserves.
Your bite disrupts and absorbs the magic of your enemies.
Potions cannot restore your health.
You are immune to rotting.


Message History

It was a potion of heal wounds.
That seemed strangely inert.
The jackal barely misses you.
It was a potion of brilliance.
You feel clever all of a sudden.
The jackal bites you but does no damage.
The jackal barely misses you.
You closely miss the jackal. You bite the jackal. You drain its power.
You feel invigorated.
The jackal is heavily wounded.
The jackal bites you but does no damage.
You miss the jackal. Your bite misses the jackal.
The jackal is heavily wounded.
* * * LOW HITPOINT WARNING * * *
You feel sick. The jackal bites you. The jackal barely misses you.
You hit the jackal.
You kill the jackal!
Things that are here:
a jackal corpse; an adder corpse
Found a potion of curing.
You die...

#.).....#...lK... #.
+..._...'...#.#(. ##.#
#...÷.......#.##< #...#
##.......##.(..##. #....
#.........#....##.
#.....#⌠.#.+##.⌠#.....#.
#...###†...#.#..#.....
#....#...#.(..#....#
#.#@.#...#$.###...##
#..#####.# ..# .....
....#.# .....#...
......# #.. #.!....# ##.
#......#


There were no monsters in sight!

Vanquished Creatures
  An adder (D:2)
  3 leopard geckos (D:1)
  2 giant cockroaches
  5 goblins (D:1)
  5 hobgoblins
  4 jackals
  A ball python (D:1)
  2 bats (D:1)
  2 frilled lizards
  4 kobolds
  2 rats
31 creatures vanquished.

Notes
Turn   | Place    | Note
-------+----------+-------------------------------------------
     0 | D:1      | Kohma the Vine Stalker Enchanter began the quest for the
                  | Orb.
     0 | D:1      | Reached XP level 1. HP: 9/9 MP: 4/4
    40 | D:1      | Reached skill level 1 in Short Blades
   285 | D:1      | Reached XP level 2. HP: 7/13 MP: 4/6
   516 | D:1      | Learned a level 2 spell: Ensorcelled Hibernation
   727 | D:1      | Reached skill level 4 in Stealth
   781 | D:1      | Reached XP level 3. HP: 15/16 MP: 0/7
   968 | D:2      | Found a shattered altar of Ashenzari.
   974 | D:2      | Became a worshipper of Ashenzari the Shackled
  1023 | D:2      | Succumbed to an adder's poison

Levels and vault maps discovered:
D:1:      mrwooster_arrival_statue_3, layout_rooms, minmay_misc_feat_rows,
          minmay_tall_x
D:2:      layout_rooms, nicolae_overflow_hidden_temple,
          grunt_temple_overflow_open, evilmike_ruin_ashenzari

Skill      XL: |  1  2  3 |
---------------+----------+-----
Short Blades   | 1 |  1.3
Stealth        | 4 |  4.0
Dodging        | 2 |  2.0
Spellcasting   | |  2.8
Hexes          | |  3.3
Ice Magic      | |  0.4

Action                   || total
-------------------------++-------
Melee: Dagger            ||    60
       Bite              ||    21
       Short sword       ||    29
 Cast: Corona            ||     7
       Ensorcelled Hiber ||     7
  Use: Potion            ||     2
 Stab: Sleeping          ||     8
  Eat: Chunk             ||     1
Armor: Robe              ||    24
Dodge: Dodged            ||    69

Table legend:
 A = Non-vault XP
 B = Vault XP
 C = Vault XP percentage of total XP
 D = Non-vault monster count
 E = Vault monster count
 F = Vault count percentage of total count
                 A         B        C        D         E       F
            +---------+---------+-------+---------+---------+-------
      Total |      58 |       8 |  12.1 |      27 |       4 |  12.9
            +---------+---------+-------+---------+---------+-------
        D:1 |      31 |       8 |  20.5 |      18 |       4 |  18.2
        D:2 |      27 |       0 |   0.0 |       9 |       0 |   0.0
            +---------+---------+-------+---------+---------+-------
